 Dungeon Crawl Stone Soup version 0.22-a0-21-g9421e3f (webtiles) character file.

127 KristoblXynda the Sneak (level 5, -1/45 HPs)
             Began as a Naga Warper on Jan 2, 2018.
             Slain by Sigmund
             ... wielding a +0 scythe
              (9 damage)
             ... on level 2 of the Dungeon.
             The game lasted 00:04:21 (1829 turns).

KristoblXynda the Sneak (Naga Warper)               Turns: 1829, Time: 00:04:22

Health: -1/45      AC:  4    Str: 14    XL:     5   Next: 11%
Magic:  8/8        EV:  9    Int: 13    God:
Gold:   35         SH:  0    Dex: 11    Spells: 8/8 levels left

rFire    . . .     SeeInvis +   l - +0 whip
rCold    . . .     Gourm    .   (no shield)
rNeg     . . .     Faith    .   b - +1 leather armour
rPois    +         Spirit   .   (no helmet)
rElec    .         Reflect  .   (no cloak)
rCorr    .         Harm     .   (no gloves)
MR       .....                  (no barding)
Stlth    ++........             (no amulet)
HPRegen  0.15/turn              (no ring)
MPRegen  0.11/turn              (no ring)

@: short of breath, very slow
A: large, see invisible, deformed body, poison resistance, slowness 2, slow
metabolism 1, spit poison 1, AC +1
a: Spit Poison


You were on level 2 of the Dungeon.
You were not hungry.

You visited 1 branch of the dungeon, and saw 2 of its levels.

You collected 35 gold pieces.

Inventory:

Hand Weapons
 l - a +0 whip (weapon)
Missiles
 e - 3 tomahawks of dispersal (quivered)
Armour
 b - a +1 leather armour (worn)
Scrolls
 d - a scroll of blinking
Potions
 g - a potion of lignification {unknown}
 j - a potion of ambrosia {unknown}
 k - a potion of haste {unknown}
Books
 c - a book of Spatial Translocations

   Spells                             Type                      Level
   a - Blink                          Translocation                2
   b - Shroud of Golubria             Charms/Translocation         2
   c - Lesser Beckoning               Translocation                3
   d - Gell's Gravitas                Translocation                3
   e - Teleport Other                 Translocation                3
   f - Passage of Golubria            Translocation                4
 m - a book of the Sky

   Spells                             Type                      Level
   a - Summon Lightning Spire         Summoning/Air                4
   b - Silence                        Hexes/Air                    5
   c - Deflect Missiles               Charms/Air                   6
   d - Conjure Ball Lightning         Conjuration/Air              6
   e - Tornado                        Air                          9
Comestibles
 f - 3 rations


   Skills:
 - Level 2.0 Fighting
 + Level 3.3 Maces & Flails
 - Level 1.0 Throwing
 + Level 2.2 Armour
 - Level 1.5 Dodging
 + Level 3.8 Stealth
 - Level 2.0 Spellcasting
   Level 3.0 Translocations


You had 8 spell levels left.
You didn't know any spells.

Dungeon Overview and Level Annotations

Branches:
Dungeon (2/15)

Altars:
Gozag
Nemelex Xobeh
Ru

Annotations:
D:2 Sigmund


Innate Abilities, Weirdness & Mutations

You cannot wear boots.
Your serpentine skin is tough. (AC +1)
You have supernaturally acute eyesight. (SInv)
Armour fits poorly on your strangely shaped body.
Your system is resistant to poisons. (rPois)
You cover ground very slowly.
You have a slow metabolism.
You can spit poison.


Message History

The tomahawk of dispersal closely misses Sigmund.
The tomahawk of dispersal hits the jackal zombie but does no damage.
Sigmund casts a spell at you. You resist with some effort.
Press: ? - help, Shift-Dir - straight line, f/p - Sigmund
Aim: Sigmund, wielding a scythe and wearing a robe (lightly wounded)
The splash of poison misses Sigmund.
The splash of poison misses the jackal zombie.
You feel slightly more hungry. Sigmund hits you with a scythe.
* * * LOW HITPOINT WARNING * * *
You can't do that yet.
Unknown command.
Throwing (i - inventory):
e - 4 tomahawks of dispersal (quivered)
Press: ? - help, Shift-Dir - straight line, f/p - Sigmund
Aim: Sigmund, wielding a scythe and wearing a robe (lightly wounded)
You throw a tomahawk of dispersal.
The tomahawk of dispersal closely misses Sigmund.
The tomahawk of dispersal hits the jackal zombie.
The jackal zombie blinks!
Sigmund hits you with a scythe!
You die...

..h..###.@..........)..
#.....##...##..#####
###..####.####..#
#.##..#'#..##.#
#.##.......##.# .
#..##.._..##..# #.#
#...##...##..## ....
#.#..##.##..## .....
#@##..###...#
......##@###.......#
........ยง..........#
...............#####
......########## P.....
..... ..### .


You could see Sigmund.

Vanquished Creatures
  A howler monkey (D:2)
  Terence (D:2)
  A hound skeleton (D:2)
  An adder (D:2)
  A worm (D:2)
  5 bats
  A bat skeleton (D:2)
  2 bat zombies (D:2)
  A giant cockroach (D:2)
  5 goblins
  8 hobgoblins
  6 kobolds
  A quokka (D:2)
  A ball python skeleton (D:2)
  A frilled lizard (D:2)
  A giant cockroach zombie (D:2)
  A jackal skeleton (D:2)
  A jackal zombie (D:2)
  3 rats (D:2)
42 creatures vanquished.

Notes
Turn   | Place    | Note
-------+----------+-------------------------------------------
     0 | D:1      | KristoblXynda the Naga Warper began the quest for the Orb.
     0 | D:1      | Reached XP level 1. HP: 19/19 MP: 3/3
    19 | D:1      | Reached skill level 1 in Throwing
   156 | D:1      | Reached skill level 1 in Armour
   292 | D:1      | Reached XP level 2. HP: 26/26 MP: 5/5
   328 | D:1      | Reached skill level 1 in Stealth
  1087 | D:2      | Noticed Terence
  1093 | D:2      | Noticed a howler monkey
  1100 | D:2      | Killed Terence
  1100 | D:2      | Reached XP level 3. HP: 19/32 MP: 6/6
  1229 | D:2      | Found an opulent altar of Gozag.
  1234 | D:2      | Found a sacrificial altar of Ru.
  1385 | D:2      | Noticed Sigmund
  1390 | D:2      | Found a sparkling altar of Nemelex Xobeh.
  1408 | D:2      | Reached XP level 4. HP: 38/39 MP: 7/7
  1619 | D:2      | Reached XP level 5. HP: 26/45 MP: 8/8
  1829 | D:2      | Slain by Sigmund

Vault maps used:
D:1:      dpeg_arrival_circle_labyrinth_a
D:2:      grunt_temple_overflow_open, serial_undead, serial_undead_b,
          serial_undead_d, serial_undead_a, serial_undead_b, serial_undead_a,
          serial_undead_f, nemelex_lonely_heart_becter, uniq_terence,
          uniq_sigmund, uniq_crazy_yiuf_cottage

Skill      XL: |  1  2  3  4 |
---------------+-------------+-----
Throwing       | 1 |  1.0
Armour         | 1 2 |  2.2
Stealth        | 2 3 |  3.8
Maces & Flails | 3 |  3.3
Fighting       | |  2.0
Dodging        | |  1.5
Spellcasting   | |  2.0
Translocations | |  3.0

Action                   |  1- 3 |  4- 6 || total
-------------------------+-------+-------++-------
Melee: Mace              |    72 |       ||    72
       Whip              |     5 |    52 ||    57
Throw: Tomahawk          |       |     2 ||     2
 Abil: Spit Poison       |    11 |     7 ||    18
  Use: Scroll            |       |     3 ||     3
  Eat: Chunk             |     1 |     2 ||     3
Armor: Leather armour    |    52 |    15 ||    67
Dodge: Dodged            |    49 |    34 ||    83

Table legend:
 A = Spawn XP
 B = Non-spawn XP
 C = Spawn XP percentage of total XP
 D = Spawn monster count
 E = Non-spawn monster count
 F = Spawn count percentage of total count
 G = Total turns spent on level
                    A         B        C        D         E        F      G
               +---------+---------+-------+---------+---------+-------+---------
         Total |       0 |     182 |   0.0 |       0 |      42 |   0.0 |  1829
               +---------+---------+-------+---------+---------+-------+---------
           D:1 |       0 |      21 |   0.0 |       0 |      11 |   0.0 |   963
           D:2 |       0 |     161 |   0.0 |       0 |      31 |   0.0 |   866
               +---------+---------+-------+---------+---------+-------+---------
